AoeStats
← fat_dgk

Nomad

506934779Analyzed
4v4 RM · 17d ago on Sep 15, 2026· 100m 19s· 8 players
Game mode
Random Map
Map size
231×231
Population
200
Speed
Normal
Resources
Standard
Victory
Conquest
Starting age
Dark Age
Ending age
Imperial Age
RankedLock teamsTeams togetherTeam positionsShared explorationLock speedFull tech treeHidden civsTurbo modeCheats
Victory
Defeat
🇨🇱 Armenians · Chile
1232
+14
1169
+17
🇪🇸 Japanese · Spain
1166
+17
🇲🇽 Maya · Mexico
1130
+18
🇦🇷 Japanese · Argentina
1203
-17
🇦🇷 Persians · Argentina
1198
-17
🇵🇪 Inca · Peru
1175
-16
🇦🇷 Hindustanis · Argentina
1174
-16
Alejomc26
13:36 Feudal Age
17:30 Castle Age
15:21 Double-Bit Axe
15:52 Horse Collar
19:59 Bow Saw
20:52 Wheelbarrow
20:32 Heavy Plow
23:03 Hand Cart
30:17 Imperial Age
28:31 Champi Runner
29:11 Gold Mining
29:11 Stone Mining
29:39 Squires
29:56 Champi Warrior
31:26 Gold Shaft Mining
30:41 Town Watch
30:41 Loom
31:13 Scale Mail Armor
31:23 Forging
32:28 Chain Mail Armor
33:20 Iron Casting
32:59 Fabric Shields
33:25 Conscription
33:09 Elite Champi Warrior
34:29 Plate Mail Armor
34:42 Iron Casting
34:31 Arson
36:23 Blast Furnace
43:12 Crop Rotation
61:29 Caravan
62:38 Fletching
62:48 Padded Archer Armor
68:47 Elite Skirmisher
69:33 Thumb Ring
70:27 Bodkin Arrow
73:49 Bracer
74:06 Leather Archer Armor
78:39 Siege Engineers
80:02 Capped Ram
81:01 Siege Ram
95:29 Onager
The Goat
3:22 Loom
13:30 Feudal Age
18:38 Castle Age
17:20 Double-Bit Axe
17:30 Fletching
18:31 Horse Collar
19:20 Bodkin Arrow
25:32 Padded Archer Armor
27:05 Bow Saw
27:15 Town Watch
32:06 Heavy Plow
36:27 Imperial Age
35:23 Leather Archer Armor
37:39 Bracer
39:35 Chemistry
42:20 Ballistics
43:44 Parthian Tactics
45:22 Bloodlines
45:13 Husbandry
46:45 Ring Archer Armor
46:08 Elite Skirmisher
48:09 Wheelbarrow
47:28 Gold Mining
47:06 Light Cavalry
49:07 Thumb Ring
50:22 Two-Man Saw
50:26 Conscription
49:52 Heavy Cavalry Archer
50:49 Scale Barding Armor
53:36 Chain Barding Armor
53:27 Forging
55:56 Iron Casting
58:45 Blast Furnace
60:07 Hand Cart
62:23 Gold Shaft Mining
61:38 Stone Mining
63:47 Fortified Wall
63:48 Masonry
66:54 Yasama
67:15 Kataparuto
66:49 Guard Tower
70:19 Keep
81:27 Coinage
85:36 Hoardings
87:08 Siege Engineers
86:58 Murder Holes
91:49 Fervor
91:59 Sanctity
96:39 Scale Mail Armor
96:49 Squires
96:10 Pikeman
97:20 Halberdier
99:23 Chain Mail Armor
98:34 Elite Skirmisher
Sebastian
6:25 Loom
13:47 Feudal Age
17:09 Double-Bit Axe
19:27 Castle Age
23:06 Husbandry
twitch.tv/megafussion
6:46 Loom
14:41 Feudal Age
18:52 Castle Age
16:55 Double-Bit Axe
18:06 Stone Mining
18:36 Town Watch
19:58 Medium Warships
20:08 Horse Collar
20:42 Bow Saw
22:57 Fletching
25:09 Wheelbarrow
25:55 Heavy Plow
32:49 Imperial Age
30:50 Forging
33:12 Bloodlines
32:30 Cavalier
34:45 Pikeman
35:26 Squires
35:55 Scale Mail Armor
Fenrir
3:25 Loom
15:02 Feudal Age
19:08 Castle Age
17:42 Double-Bit Axe
18:08 Fletching
21:33 Bow Saw
21:44 Medium Warships
24:08 Fishing Lines
25:13 Bodkin Arrow
27:05 Wheelbarrow
26:51 Gold Mining
29:06 Hand Cart
31:29 Horse Collar
32:15 Heavy Plow
35:33 Treadmill Crane
36:13 Ballistics
36:05 Stone Mining
37:27 Masonry
38:29 Stone Shaft Mining
40:31 Imperial Age
42:17 Chemistry
40:41 Elite Plumed Archer
41:42 Conscription
41:23 Bracer
43:47 Crop Rotation
44:16 Thumb Ring
50:11 Murder Holes
54:18 Padded Archer Armor
61:07 Two-Man Saw
60:50 Leather Archer Armor
67:52 Hul'che Javelineers
67:36 Elite Skirmisher
69:13 Ring Archer Armor
70:26 Crossbowman
71:04 Arbalester
78:28 Scale Mail Armor
78:38 Forging
89:16 Town Watch
95:07 Chain Mail Armor
95:28 Iron Casting
94:19 Pikeman
95:00 Squires
94:48 Arson
96:18 Halberdier
100:33 Town Patrol
SeR_GaGo
3:05 Loom
13:13 Feudal Age
13:51 Double-Bit Axe
13:59 Gold Mining
13:45 Man-at-Arms
14:50 Fishing Lines
16:50 Horse Collar
22:21 Castle Age
23:45 Forging
23:37 Scale Mail Armor
23:45 Gillnets
24:13 Medium Warships
25:10 Iron Casting
25:10 Bow Saw
25:18 Heavy Plow
26:42 Chain Mail Armor
27:09 Squires
27:20 Pikeman
45:38 Imperial Age
43:16 Stone Mining
45:32 Gambesons
45:39 Elite Samurai
47:39 Wheelbarrow
47:42 Conscription
48:30 Blast Furnace
50:05 Plate Mail Armor
49:01 Capped Ram
50:31 Gold Shaft Mining
49:48 Halberdier
49:52 Long Swordsman
52:03 Thumb Ring
53:12 Murder Holes
54:25 Elite Skirmisher
59:56 Parthian Tactics
63:31 Two-Handed Swordsman
64:05 Fletching
64:16 Padded Archer Armor
63:39 Heavy Cavalry Archer
65:04 Ballistics
64:27 Treadmill Crane
65:51 Bodkin Arrow
66:12 Leather Archer Armor
73:40 Bracer
74:11 Ring Archer Armor
81:00 Onager
82:39 Onager
88:47 Heavy Scorpion
89:03 Heavy Scorpion
90:44 Caravan
fat_dgk
11:14 Loom
13:24 Feudal Age
18:40 Castle Age
16:31 Double-Bit Axe
17:04 Stone Mining
17:48 Fishing Lines
19:12 Fletching
19:57 Bodkin Arrow
24:10 Sanctity
28:17 Ballistics
29:16 Padded Archer Armor
34:36 Imperial Age
34:12 Wheelbarrow
34:01 Leather Archer Armor
35:46 Bracer
37:09 Chemistry
51:17 Elite Skirmisher
54:35 Ring Archer Armor
54:47 Guilds
58:10 Elite Composite Bowman
59:36 Conscription
60:02 Bow Saw
61:14 Scale Barding Armor
61:12 Scale Mail Armor
61:23 Forging
62:09 Capped Ram
62:55 Caravan
64:09 Chain Mail Armor
64:30 Iron Casting
66:33 Hand Cart
66:42 Siege Ram
68:26 Pikeman
69:07 Squires
70:09 Plate Mail Armor
70:39 Blast Furnace
69:34 Halberdier
73:52 Gambesons
73:53 Man-at-Arms
74:57 Arson
77:49 Long Swordsman
80:09 Heavy Scorpion
90:33 Bombard Tower
90:24 Masonry
99:50 Two-Handed Swordsman
42 aldeanos fueron a lo del tano
11:00 Loom
13:18 Feudal Age
17:37 Wheelbarrow
20:38 Castle Age
19:21 Bloodlines
21:42 Double-Bit Axe
25:56 Horse Collar
34:31 Hand Cart
39:36 Heavy Plow
40:29 Gold Mining
40:29 Stone Mining
43:46 Imperial Age
41:05 Town Watch
44:01 Bow Saw
44:14 Scale Barding Armor
44:19 Forging
43:40 Elite Skirmisher
44:23 Padded Archer Armor
44:14 Fletching
45:15 Conscription
46:58 Bodkin Arrow
47:18 Leather Archer Armor
47:36 Ballistics
48:17 Chemistry
46:58 Treadmill Crane
49:04 Bracer
49:36 Ballistics
50:17 Chemistry
49:21 Treadmill Crane
50:42 Heavy Camel Rider
67:21 Masonry
69:50 Light Cavalry
69:56 Heavy Camel Rider
72:08 Light Cavalry
75:45 Murder Holes
81:54 Hussar
Connection lost

Rejoining the realm…

Still unreachable

The connection could not be restored.

Session expired

The server has moved on; the page needs a fresh start.